 Dungeon Crawl Stone Soup version 0.17.1-3-g152610e (webtiles) character file.

126 mindo the Magician (level 4, -1/24 HPs)
             Began as a Deep Elf Wizard on Dec 16, 2015.
             Slain by a worm (9 damage)
             ... on level 3 of the Dungeon on Apr 30, 2016.
             The game lasted 00:40:35 (2331 turns).

mindo the Magician (Deep Elf Wizard)                Turns: 2331, Time: 00:40:35

Health: -1/24      AC:  4    Str:  4    XL:     4   Next: 84%
Magic:  4/14       EV: 13    Int: 24    God:
Gold:   141        SH:  0    Dex: 13    Spells: 3 memorised, 9 levels left

rFire  . . .     SeeInvis .     o - +0 mace
rCold  . . .     Clarity  .     a - +0 robe
rNeg   . . .     SustAt   .     (no shield)
rPois  .         Gourm    .     b - +0 hat
rElec  .         Spirit   .     e - +0 cloak
rCorr  .         Warding  .     (no gloves)
rMut   .         Stasis   .     i - +0 pair of boots
MR     .....                    p - amulet of regeneration
Stlth  ++........               (no ring)
                                (no ring)

@: very slightly contaminated, not resistant to hostile enchantments, unstealthy
A: no striking features
a: no special abilities


You were on level 3 of the Dungeon.
You were hungry.

You visited 1 branch of the dungeon, and saw 3 of its levels.

You collected 141 gold pieces.

Inventory:

Hand Weapons
 j - a +0 short sword
 o - a +0 mace (weapon)
Armour
 a - a +0 robe (worn)
 b - a +0 hat (worn)
 e - a +0 cloak (worn)
 i - a +0 pair of boots (worn)
Jewellery
 g - an uncursed amulet of resist mutation
 p - an amulet of regeneration (around neck)
Scrolls
 d - a scroll of remove curse
 k - a scroll of identify {unknown}
 l - a scroll of magic mapping
Potions
 h - 2 potions of cure mutation {unknown}
 m - a potion of poison {unknown}
 n - a potion of brilliance {unknown}
Books
 c - a book of Minor Magic

   Spells                             Type                      Level
   a - Magic Dart                     Conjuration                  1
   b - Blink                          Translocation                2
   c - Call Imp                       Summoning                    2
   d - Repel Missiles                 Charms/Air                   2
   e - Slow                           Hexes                        2
   f - Conjure Flame                  Conjuration/Fire             3
   g - Mephitic Cloud                 Conjuration/Poison/Air       3
Comestibles
 f - 4 fruits


   Skills:
 + Level 0.1 Fighting
 + Level 0.3 Maces & Flails
 + Level 3.6 Dodging
 + Level 2.8 Stealth
 + Level 6.1 Spellcasting
 + Level 2.2 Conjurations
   Level 1.1 Summonings
 + Level 1.1 Translocations


You had 9 spell levels left.
You knew the following spells:

 Your Spells              Type           Power        Failure   Level  Hunger
a - Magic Dart            Conj           ###.         3%          1    None
b - Conjure Flame         Conj/Fire      ##......     17%         3    #......
c - Blink                 Tloc           N/A          10%         2    None


Dungeon Overview and Level Annotations

Branches:
Dungeon (3/15)

Altars:


Message History

You don't have enough magic to cast that spell.
You are feeling hungry.
The worm misses you.
Found 11 gold pieces.
You closely miss the goblin. The goblin hits you but does no damage.
You hit the goblin but do no damage. The goblin hits you with a club.
The worm barely misses you.
You barely miss the goblin. The goblin hits you but does no damage.
The worm bites you. The goblin hits you with a club.
You closely miss the goblin. The goblin hits you but does no damage.
The worm bites you.
You closely miss the goblin. The goblin hits you with a club.
You miss the goblin. The worm bites you. The goblin misses you.
You completely miss the goblin. The goblin misses you.
The worm bites you but does no damage.
You barely miss the goblin. The goblin hits you but does no damage.
The worm misses you.
You completely miss the goblin. The goblin hits you with a club.
The worm bites you!
You die...

.....#..[...########.
....#...#.####### .
.....)...........
#.#..#..##.......
#.##....# .......
......#.##.......
....#.#o.........
#.###.g##...>.... #
##@wK........
...$...####.......
....... .....>.
....... .......
....... #######
....... .......
.......


You could see a worm, an orc, a goblin and a kobold.

Vanquished Creatures
  Terence (D:2)
  3 adders (D:2)
  An ooze (D:2)
  3 worms (D:2)
  2 giant geckos (D:2)
  An orc (D:2)
  2 giant cockroaches (D:1)
  14 goblins
  6 hobgoblins
  6 kobolds
  3 quokkas (D:2)
  9 bats
  2 giant newts
  7 rats
60 creatures vanquished.

Notes
Turn   | Place    | Note
--------------------------------------------------------------
     0 | D:1      | mindo the Deep Elf Wizard began the quest for the Orb.
     0 | D:1      | Reached XP level 1. HP: 10/10 MP: 7/7
   216 | D:1      | Reached skill level 5 in Spellcasting
   218 | D:1      | Reached XP level 2. HP: 12/15 MP: 6/10
   270 | D:1      | Upgraded the game from 0.17.1-1-g73c8601 to 0.17.1-3-g152610e
   749 | D:2      | Noticed Terence
   978 | D:2      | Reached XP level 3. HP: 15/19 MP: 7/11
  1024 | D:2      | Learned a level 3 spell: Conjure Flame
  1508 | D:2      | Killed Terence
  1508 | D:2      | Reached XP level 4. HP: 15/24 MP: 5/13
  1958 | D:2      | Reached skill level 6 in Spellcasting
  2231 | D:2      | Learned a level 2 spell: Blink
  2331 | D:3      | Slain by a worm

Action                   |  1- 3 |  4- 6 || total
-------------------------+-------+-------++-------
Melee: Unarmed           |     1 |       ||     1
       Mace              |    35 |    36 ||    71
 Cast: Magic Dart        |   101 |    57 ||   158
       Conjure Flame     |     3 |     2 ||     5
       Blink             |       |     1 ||     1
  Use: Scroll            |     3 |       ||     3
       Potion            |     1 |       ||     1
  Eat: Bread ration      |     1 |       ||     1
